 Dungeon Crawl Stone Soup version 0.28.0-62-gf88900778d (webtiles) character file.

Game seed: 10863005523532626102

121 cbfl8 the Shield-Bearer (level 4, -3/40 HPs)
             Began as a Minotaur Fighter on June 30, 2023.
             Slain by an ogre
             ... wielding a +0 giant club
              (12 damage)
             ... on level 4 of the Dungeon.
             The game lasted 00:02:00 (2602 turns).

cbfl8 the Shield-Bearer (Minotaur Fighter)          Turns: 2602, Time: 00:02:01

Health: -3/40      AC: 12    Str: 21    XL:     4   Next: 77%
Magic:  3/3        EV:  6    Int:  5    God:
Gold:   94         SH:  4    Dex: 11    Spells: 3/3 levels left

rFire   . . .      SeeInvis .   a - +0 war axe
rCold   . . .      Faith    .   c - +0 buckler
rNeg    . . .      Spirit   .   e - +0 plate armour
rPois   .          Reflect  .   (helmet restricted)
rElec   .          Harm     .   (no cloak)
rCorr   .          Rampage  .   f - +0 pair of gloves
Will    .....                   (no boots)
Stlth   ..........              (no amulet)
HPRegen 0.13/turn               (no ring)
MPRegen 0.08/turn               (no ring)

@: mighty
A: horns 2, retaliatory headbutt
a: no special abilities


You were on level 4 of the Dungeon.
You visited 1 branch of the dungeon, and saw 4 of its levels.

You collected 94 gold pieces.

Inventory:

Hand Weapons
 a - a +0 war axe (weapon)
Armour
 c - a +0 buckler (worn)
 e - a +0 plate armour (worn)
 f - a +0 pair of gloves (worn)
Wands
 i - a wand of paralysis (14)
Scrolls
 b - a scroll of torment {unknown}
 g - 2 scrolls of amnesia {unknown}
 l - a scroll of summoning {unknown}
 m - a scroll of enchant weapon {unknown}
Potions
 h - a potion of brilliance {unknown}
 j - a potion of haste {unknown}
 k - 2 potions of flight {unknown}


   Skills:
 + Level 4.0 Fighting
 * Level 3.7 Axes
 + Level 4.0 Armour
 * Level 1.2 Dodging
 * Level 1.0 Stealth
 + Level 4.3 Shields
 * Level 0.9 Invocations
 * Level 1.0 Evocations


You had 3 spell levels left.
You didn't know any spells.
Your spell library was empty.

Dungeon Overview and Level Annotations

Branches:
Dungeon (4/15)
 Temple: D:4-7

Altars:
Elyvilon
Gozag
Nemelex Xobeh
Qazlal
The Shining One

Annotations:
D:2 1 runed translucent door, Crazy Yiuf


Innate Abilities, Weirdness & Mutations

You have a pair of horns on your head.
You reflexively headbutt those who attack you in melee.


Message History

Your Armour skill increases to level 4!
Key pressed, stopping explore.
No target in view!
No target in view!
HP restored.
Found a thin smoking staff.
Key pressed, stopping explore.
No target in view!
Found a cloak.
No target in view!
Found an escape hatch in the floor.
No target in view!
Found a ring mail.
No target in view!
An endoplasm comes into view.
The endoplasm quivers.
An endoplasm is nearby!
You slash the endoplasm!
You kill the endoplasm!
No target in view!
No target in view!
Found a stone staircase leading down.
No target in view!
An ogre comes into view. It is wielding a +0 giant club.
The ogre shouts!
An ogre is nearby!
Found a stone staircase leading up.
An ogre is nearby!
The ogre hits you with a +0 giant club!!
Ouch! That really hurt!
An ogre is nearby!
You feel very mighty all of a sudden. The ogre hits you with a +0 giant club.
* * * LOW HITPOINT WARNING * * *
You barely miss the ogre. The ogre barely misses you. You furiously retaliate!
You headbutt the ogre. You closely miss the ogre.
The ogre is lightly wounded.
The ogre hits you with a +0 giant club!
You die...

..#..................##
###...................#
##........##..........#
......................##
...............##......#
...............##......#
..........[###.#.......#
#.......#..............#
... ......O@....### .
.......##.?.# ......#
....# . .<.... >..### .#
..... ..### ..... ..
.... .. ....


You could see an ogre.

Vanquished Creatures
  Robin (D:2)
  A gnoll (D:1)
  2 adders
  A worm (D:2)
  3 dart slugs
  2 orcs (D:3)
  4 ball pythons
  3 bats
  8 endoplasms
  A giant cockroach (D:1)
  9 hobgoblins
  5 jackals (D:1)
  A quokka (D:1)
  A frilled lizard (D:1)
  16 goblins
  4 kobolds
  3 rats
65 creatures vanquished.

Vanquished Creatures (others)
  8 fungi (D:4)
8 creatures vanquished.

Grand Total: 73 creatures vanquished

Notes
Turn   | Place    | Note
-------+----------+-------------------------------------------
     0 | D:1      | cbfl8 the Minotaur Fighter began the quest for the Orb.
     0 | D:1      | Reached XP level 1. HP: 19/19 MP: 0/0
   160 | D:1      | Reached XP level 2. HP: 27/27 MP: 1/1
   313 | D:1      | Found a faded altar of an unknown god.
   495 | D:1      | Reached XP level 3. HP: 33/33 MP: 2/2
   710 | D:2      | Found a runed translucent door.
   711 | D:2      | Noticed Crazy Yiuf
   862 | D:2      | Noticed Robin
   933 | D:2      | Reached skill level 1 in Dodging
   934 | D:2      | Killed Robin
   935 | D:2      | Reached skill level 1 in Evocations
   935 | D:2      | Reached XP level 4. HP: 26/40 MP: 3/3
  1405 | D:3      | Found a stormy altar of Qazlal.
  1405 | D:3      | Found a sparkling altar of Nemelex Xobeh.
  1405 | D:3      | Found an opulent altar of Gozag.
  1405 | D:3      | Found a white marble altar of Elyvilon.
  1405 | D:3      | Found a glowing golden altar of the Shining One.
  1694 | D:3      | Reached skill level 1 in Stealth
  2596 | D:4      | Noticed an ogre
  2602 | D:4      | Slain by an ogre

Illustrated notes

Levels and vault maps discovered:
D:1:      dpeg_arrival_windows_large_door, layout_basic,
          shapermc_ecumenical_altar_mp_vishouse, serial_curves, eino_curves_04,
          eino_curves_03
D:2:      layout_loops_ring, uniq_robin, uniq_crazy_yiuf_cottage
D:3:      layout_basic, grunt_temple_overflow_open, eino_tiny_chamber,
          minivault_14, kennysheep_generic_room_13
D:4:      layout_cave_pools, mainiacjoe_overflow_cross_hatched,
          kennysheep_generic_room_12

Skill      XL: |  1  2  3  4 |
---------------+-------------+-----
Shields        | 4 |  4.3
Axes           | 3 |  3.7
Fighting       | 4 |  4.0
Dodging        | 1 |  1.2
Evocations     | 1 |  1.0
Stealth        | 1 |  1.0
Armour         | 4 |  4.0
Invocations    | |  0.9

Action                   |  1- 3 |  4- 6 || total
-------------------------+-------+-------++-------
Melee: War axe           |    77 |    37 ||   114
       Headbutt          |     8 |     5 ||    13
  Use: Potion            |     2 |     1 ||     3
Armor: Scale mail        |    16 |       ||    16
       Plate armour      |    48 |    23 ||    71
Dodge: Dodged            |    42 |     9 ||    51
Block: Buckler           |    27 |     9 ||    36
